[Event "*** Titled Tuesday 3|2 Blitz"]
[Site "Chess.com"]
[Date "2016.08.02"]
[Round "8"]
[White "Sanan_Sjugirov"]
[Black "DeviatkinAndrey"]
[Result "0-1"]
[WhiteElo "2662"]
[BlackElo "2577"]
[TimeControl "180+2"]
[EndTime "12:50:10 PDT"]
[Termination "DeviatkinAndrey won by resignation"]

1. d4 d5 2. Nf3 Nf6 3. Bg5 Nbd7 4.
e3 e6 5. Nbd2 Be7 6. Bd3 b6 7. c3 Bb7 8. Qe2 Ne4 9. Bf4 c5 10.
Ne5 Nxe5 11. Bxe5 O-O 12. Qg4 g6 13. Nxe4 dxe4 14. Bc4 Bd5 15. Bxd5 exd5 16. h4 Qc8 17. Qe2 f6 18. Bf4 c4 19. g4 b5 20. a3 a5 21. g5 fxg5 22. hxg5 Rf7 23. Kd2 b4 24. axb4 axb4 25. Qd1 Rf8 26. Rxa8 Qxa8 27. Qa1 Qb7 28. Ke2 Ra8 29. Qb1 Qd7 30. Rh4 Qb7 31. Rh1 Bf8 32. Be5 Qd7 33. Rh4 Qf5 34. Bf4 Qd7 35. Be5 Qa4 36.
Rh1 Qb3 37. Rxh7 bxc3 38. Rh8+ Kf7 39. Rh7+ Ke6 40. Kf1 cxb2 0-1

[Event "*** Titled Tuesday 3|2 Blitz"]
[Site "Chess.com"]
[Date "2016.08.02"]
[Round "8"]
[White "pedromartinez91"]
[Black "stefanodinn"]
[Result "0-1"]
[WhiteElo "2286"]
[BlackElo "2239"]
[TimeControl "180+2"]
[EndTime "12:50:27 PDT"]
[Termination "stefanodinn won by resignation"]

1. e4 e5 2. Nf3 Nc6 3. Bb5 a6 4. Ba4 Nf6 5. O-O Be7 6. d3 d6 7. a3 O-O 8. Nc3 b5 9. Bb3 Na5 10. Ba2 c5 11. Bg5 Be6 12. Bxf6 Bxf6 13. Bd5 Rc8 14. Qd2 Nc6 15. Rfe1 Nd4 16. Re3 b4 17. Ne2 Bxd5 18. exd5 a5 19. Nfxd4 exd4 20. Re4 g6 21. b3 Qd7 22. Ng3 Bg7 23. a4 Qb7 24. Qg5 h6 25. Qe7 Qxd5 26. Rae1 Qc6 27. h4 d5 28. R4e2 Bf6 29. Qa7 Ra8 30. Re7 Rxa7 31. Rxa7 Bxh4 32. Rxa5 Re8 33. Rxe8+ Qxe8 34. Kf1 Qe7 35. Ne2 Kg7 36. Rb5 Qf6 37. g3 Bg5 38.
f4 h5 39. Kg2 h4 40. fxg5 Qxg5 41. Rxc5 Qe3 42. Kf1 Qf3+ 43. Ke1 hxg3 44. Nxg3 Qxg3+ 45. Kd1 Qg1+ 46. Kd2 Qe3+ 47. Kd1 g5 48. a5 g4 49. Rxd5 g3 50. Rxd4 Qxd4 0-1

[Event "*** Titled Tuesday 3|2 Blitz"]
[Site "Chess.com"]
[Date "2016.08.02"]
[Round "8"]
[White "Blitzstream"]
[Black "Balandel"]
[Result "1-0"]
[WhiteElo "2454"]
[BlackElo "2334"]
[TimeControl "180+2"]
[EndTime "12:50:28 PDT"]
[Termination "Blitzstream won on time"]

1. e4 e5 2. Nf3 Nc6 3. d4 exd4 4. Nxd4 Nf6 5. Nxc6 bxc6 6. e5 Qe7 7. Qe2 Nd5 8.
c4 Nb6 9. Nc3 Bb7 10. h4 O-O-O 11. Bg5 f6 12. exf6 gxf6 13. Qxe7 Bxe7 14. Be3 d5 15.
O-O-O Rhg8 16. g3 c5 17. Bh3+ Kb8 18. cxd5 Nxd5 19. Nxd5 Bxd5 20. Rxd5 Rxd5 21. Be6 Rgd8 22. Bxd5 Rxd5 23. Rd1 c6 24. Kc2 Kc8 25. Rd3 f5 26. Ra3 Kb7 27. Ra4 Bf6 28. Rc4 Be7 29. h5 Bd6 30. h6 Bf8 31. Rh4 Be7 32. Rh5 Kc8 33. Bg5 Bf8 34. Rh4 Bd6 35. Be3 Be7 36. Ra4 Kb7 37. b4 a6 38. bxc5 Bxc5 39. Bxc5 Rxc5+ 40. Kd3 Re5 41. Rh4 Kb6 42. Rh5 Re6 43. Kd4 a5 44. f3 Rg6 45. Rh3 Re6 46. a4 Kc7 47. Rh5 Rxh6 48.
Rxh6 Kb6 49. Kc4 1-0

[Event "*** Titled Tuesday 3|2 Blitz"]
[Site "Chess.com"]
[Date "2016.08.02"]
[Round "8"]
[White "wnstop"]
[Black "Tash_Boy"]
[Result "1-0"]
[WhiteElo "2452"]
[BlackElo "2308"]
[TimeControl "180+2"]
[EndTime "12:50:32 PDT"]
[Termination "wnstop won by resignation"]

1. e4 e6 2. d4 d5 3. Nd2 Be7 4. e5 c5 5. c3 Nc6 6. Qg4 g5 7. Bb5 h5 8. Qd1 Bd7 9. Ne2 Nxe5 10. Bxd7+ Nxd7 11. c4 dxc4 12. Nxc4 Qc7 13. d5 exd5 14. Qxd5 O-O-O 15. Qxf7 Rf8 16. Qe6 Rh6 17. Qe4 Qc6 18.
Qxc6+ Rxc6 19. O-O b5 20. Ne3 Ngf6 21. a4 b4 22. Ng3 Bd8 23. Nc4 g4 24. Nf5 Ne4 25.
Nfe3 h4 26. Nxg4 Rg8 27. h3 Bc7 28. Re1 Ndf6 29. Nxf6 Nxf6 30. Ne5 Re6 31. Nf3 Ne4 32. Be3 Reg6 33. Nxh4 R6g7 34. g4 Kb7 35. f3 Rh7 36.
fxe4 Rxh4 37. Kg2 Rgh8 38. Rh1 Re8 39. Kf3 Rh7 40. Bxc5 Rf7+ 41. Kg2 Rxe4 42. Rhe1 Rc4 43. Rac1 Rcf4 44. Rf1 Rxf1 45. Rxf1 Rd7 46. Bxb4 a5 47. Bc3 Rd3 48. Rf3 Rd1 49. Rf5 Rd3 50. Bxa5 Rg3+ 51.
Kf2 Rxh3 52. Rf7 Rh2+ 53. Kg1 Rc2 54. Rxc7+ 1-0

[Event "*** Titled Tuesday 3|2 Blitz"]
[Site "Chess.com"]
[Date "2016.08.02"]
[Round "8"]
[White "Usurpov"]
[Black "Hieronymus00"]
[Result "1-0"]
[WhiteElo "2341"]
[BlackElo "2148"]
[TimeControl "180+2"]
[EndTime "12:51:02 PDT"]
[Termination "Usurpov won on time"]

1. e4 e5 2. Nf3 Nc6 3. Nc3 Nf6 4. d4 exd4 5. Nxd4 Bb4 6. Nxc6 bxc6 7. Bd3 O-O 8. O-O Re8 9. Qf3 Rb8 10. h3 Bd6 11. b3 Be5 12. Bd2 d6 13. Rae1 h6 14. Be2 Be6 15.
Bd3 Nd7 16. Ne2 Nc5 17. Be3 Nxd3 18. cxd3 a5 19. Rc1 c5 20. d4 cxd4 21. Nxd4 Bd7 22. Nc6 Bxc6 23. Rxc6 Qf6 24. Qxf6 Bxf6 25. Rc4 Rb4 26.
Rfc1 Rxe4 27. Rxe4 Rxe4 28. Rxc7 a4 29. Rc8+ Kh7 30. Rc4 axb3 31. axb3 Rxc4 32. bxc4 Kg6 33. g4 Bc3 34. Kf1 Kf6 35. Ke2 Ke5 36. Kd3 Ba1 37. f4+ Ke6 38. Ke4 Bb2 39. f5+ Kd7 40. Kd5 Be5 41.
c5 f6 42. c6+ Kc7 43. Bd2 Bg3 44. Ba5+ Kc8 45. Ke6 Be5 46. Bb6 d5 47. Kxd5 Bb2 48. Ke6 Bc1 49. Kf7 h5 50. Kxg7 hxg4 51. hxg4 Bb2 52.
Kf7 Bc3 53. Ke6 Bb2 54. Ba5 Bd4 55. Bb4 Kc7 56. Be7 Kxc6 57. Bxf6 Bc5 58. Be7 Be3 59. f6 1-0

[Event "*** Titled Tuesday 3|2 Blitz"]
[Site "Chess.com"]
[Date "2016.08.02"]
[Round "8"]
[White "yian123"]
[Black "Iball95"]
[Result "1-0"]
[WhiteElo "2374"]
[BlackElo "2447"]
[TimeControl "180+2"]
[EndTime "12:51:12 PDT"]
[Termination "yian123 won by resignation"]

1. e4 e6 2. d4 d5 3. Nd2 Nc6 4.
Ngf3 Nf6 5. e5 Nd7 6. Bd3 Nb4 7. Be2 c5 8. c3 Nc6 9. O-O f6 10. exf6 Nxf6 11. Re1 cxd4 12. cxd4 Bd6 13. Nb3 O-O 14. Bg5 Bd7 15. Rc1 Qe8 16. Bh4 Ne4 17. Bd3 Qh5 18.
Bxe4 dxe4 19. Rxe4 Rxf3 20. Qxf3 Qd5 21. Bg3 Rf8 22.
Qe2 Be7 23. Re1 b6 24. h3 Bf6 25. Be5 Nxe5 26. dxe5 Be7 27. Rd4 Qb7 28. Qc4 b5 29. Rxd7 Qxd7 30. Qd4 Qc7 31. Rc1 Qb7 32. Nc5 Qb6 33.
b4 Rd8 34. Qg4 Bxc5 35. Rxc5 a6 36. a3 Re8 37. Qe4 Qd8 38. Qc2 Qd4 39. Qc3 Qd1+ 40.
Kh2 Qe2 41. Rc8 Rf8 42. Rxf8+ Kxf8 43. Qc8+ Kf7 44. Qd7+ Kf8 45. Qxe6 Qxf2 46. Qd6+ Ke8 47. e6 Qa7 48. Kh1 h6 49. Kh2 Qb7 50. Kg1 Qa7+ 51.
Kf1 Qb7 52. h4 Qa7 53. h5 Qb7 54. Kg1 Qa7+ 55. Kh2 Qb7 56. Kh3 Qa7 57. Kg4 Qb7 58. Kf5 Qa7 59. Qd7+ Qxd7 60. exd7+ Kxd7 61. Kg6 1-0

[Event "*** Titled Tuesday 3|2 Blitz"]
[Site "Chess.com"]
[Date "2016.08.02"]
[Round "8"]
[White "ftorodent"]
[Black "chipmunknau"]
[Result "1-0"]
[WhiteElo "2468"]
[BlackElo "2423"]
[TimeControl "180+2"]
[EndTime "12:51:25 PDT"]
[Termination "ftorodent won by resignation"]

1. d4 Nf6 2. c4 g6 3. Nc3 Bg7 4.
e4 O-O 5. Nf3 d6 6. Be2 Nc6 7.
d5 Nb8 8. O-O Bg4 9. Ne1 Bxe2 10. Qxe2 c6 11. Nd3 Nbd7 12. Be3 Qa5 13. Rac1 Rfc8 14.
b3 a6 15. a4 Rab8 16. Ba7 Ra8 17. Bd4 Rab8 18. b4 Qd8 19. c5 cxd5 20. exd5 a5 21. cxd6 exd6 22. Nb5 Rxc1 23. Rxc1 Nb6 24. Bxf6 Bxf6 25.
Qf3 axb4 26. a5 Na4 27. Nxb4 Bg5 28. Rc7 Qe8 29. g3 Rd8 30. Rxb7 Nc5 31. Rc7 Qe1+ 32. Kg2 Rf8 33. Nxd6 Qxb4 34. Rxf7 Qb8 35. h4 Qxd6 36. Rxf8+ Qxf8 37. hxg5 Qxf3+ 38. Kxf3 Kf7 39. Kf4 Ke7 40.
Ke5 Nd7+ 41. Kd4 Kd6 42. a6 Kc7 43. a7 Kb7 44. d6 Kxa7 45. Kd5 Kb7 46. f4 Nb6+ 47.
Ke6 Kc6 48. g4 Nd7 49. f5 Nc5+ 50. Ke7 gxf5 51. gxf5 Nb7 52. f6 Nxd6 53. f7 Nxf7 54. Kxf7 Kd7 55. Kg7 1-0

[Event "*** Titled Tuesday 3|2 Blitz"]
[Site "Chess.com"]
[Date "2016.08.02"]
[Round "8"]
[White "maheswaran26"]
[Black "cabalista"]
[Result "1-0"]
[WhiteElo "2077"]
[BlackElo "2339"]
[TimeControl "180+2"]
[EndTime "12:51:28 PDT"]
[Termination "maheswaran26 won by resignation"]

1. d4 Nf6 2. Nf3 g6 3. c4 Bg7 4. Nc3 O-O 5. e4 d6 6. h3 Na6 7.
Bg5 c6 8. g4 Qa5 9. Qd2 e5 10. d5 cxd5 11. Nxd5 Qxd2+ 12. Nxd2 Nxd5 13. cxd5 Nb4 14. Kd1 f6 15. Be3 f5 16. f3 Bd7 17. a3 Na6 18. Bd3 fxg4 19. hxg4 b5 20. a4 Nb4 21. Bxb5 Bxb5 22. axb5 Rfb8 23. Rxa7 Rxa7 24. Bxa7 Rxb5 25. Nc4 Bf6 26. Be3 Nd3 27. Kc2 Nb4+ 28. Kb1 Be7 29. Rd1 Kg7 30. b3 h5 31.
gxh5 gxh5 32. Rh1 h4 33. Bf2 Nd3 34. Bxh4 Bxh4 35. Rxh4 Ne1 36. Kb2 Nxf3 37. Rg4+ Kf6 38. Nxd6 Rb8 39. Nf5 Nd4 40. Nxd4 exd4 41. Rg5 d3 42.
Rf5+ Kg6 43. Kc3 d2 44. Kxd2 Rxb3 45. d6 Rb2+ 46. Kd3 Rb1 47. Rd5 Rd1+ 48. Kc4 Rc1+ 49.
Kd4 Rd1+ 50. Ke5 Rxd5+ 51. Kxd5 1-0

[Event "*** Titled Tuesday 3|2 Blitz"]
[Site "Chess.com"]
[Date "2016.08.02"]
[Round "8"]
[White "Journey_to_GrandMaster_YT"]
[Black "MateusViageiro"]
[Result "1-0"]
[WhiteElo "2433"]
[BlackElo "2285"]
[TimeControl "180+2"]
[EndTime "12:51:31 PDT"]
[Termination "Journey_to_GrandMaster_YT won by resignation"]

1. d4 Nf6 2. Nf3 e6 3. e3 d5 4. Bd3 c5 5. b3 Nc6 6. O-O Bd6 7. Bb2 cxd4 8. exd4 O-O 9. a3 b6 10. Ne5 Bb7 11.
Nd2 Rc8 12. Qf3 Qc7 13. Rae1 Nd7 14. Qh3 h6 15. f4 Nf6 16. f5 exf5 17. Rxf5 Ne4 18.
Nxe4 dxe4 19. Bc4 Bxe5 20. dxe5 Na5 21. e6 Nxc4 22. bxc4 fxe6 23. Rxf8+ Rxf8 24. Qxe6+ Qf7 25. Qxf7+ Rxf7 26. Rd1 Rc7 27. Be5 Rxc4 28. Rd8+ Kh7 29. Rd7 Rc5 30. Rxg7+ Kh8 31. Ba1 Bd5 32. Rg6+ Kh7 33.
Rg7+ Kh8 34. Rxa7+ Kg8 35. Rg7+ Kf8 36. Rd7 Rxc2 37. Bd4 Bc4 38. Bxb6 Rc1+ 39. Kf2 Rf1+ 40. Ke3 Re1+ 41. Kf4 Bd3 42. Bc5+ Ke8 43. Re7+ Kd8 44. Ra7 Rf1+ 45. Kg3 Rf5 46. Be3 h5 47. Rh7 Rb5 48. Kf4 Rd5 49. g3 Kc8 50. h3 Ra5 51. a4 Rxa4 52.
Rxh5 Ra1 53. g4 Rf1+ 54. Ke5 Rf3 55. Kd4 Rf7 56. g5 Rd7+ 57. Ke5 Re7+ 58. Kf6 Rb7 59. g6 Bc4 60. Rh8+ Kc7 61. Rh7+ Kc6 62. Rxb7 Kxb7 63.
h4 Kc6 64. h5 Kb5 65. h6 Kb4 66. h7 Kc3 67. h8=Q Kd3 68. Qh3 1-0

[Event "*** Titled Tuesday 3|2 Blitz"]
[Site "Chess.com"]
[Date "2016.08.02"]
[Round "8"]
[White "workhard91"]
[Black "fireheart92"]
[Result "0-1"]
[WhiteElo "2390"]
[BlackElo "2418"]
[TimeControl "180+2"]
[EndTime "12:51:52 PDT"]
[Termination "fireheart92 won by resignation"]

1. e4 e5 2. Nf3 Nc6 3. d4 exd4 4. Nxd4 Nf6 5. Nxc6 bxc6 6. e5 Qe7 7. Qe2 Nd5 8.
c4 Ba6 9. Nd2 f6 10. exf6 Nxf6 11. Qxe7+ Bxe7 12. Be2 O-O 13. O-O d5 14. Re1 Rae8 15.
a3 Bc5 16. Nf3 Ng4 17. Be3 Nxe3 18. fxe3 Bxe3+ 19. Kf1 g5 20. g4 Bxc4 21. Kg2 Bxe2 22. Rxe2 d4 23. Rd1 c5 24. b3 Re4 25. h3 h6 26. Ne1 Re5 27. Nd3 Rd5 28. Rc2 Rf6 29. Rf1 Rb6 30. Rxc5 Rxc5 31. Nxc5 a5 32. Rf5 Rc6 33.
Rd5 Kf7 34. Kf3 Ke7 35. Ke4 Rb6 36. Rd7+ Ke8 37. Rh7 Kd8 38. Rh8+ Ke7 39. Kd5 Rd6+ 40. Kc4 Rc6 41. b4 axb4 42. axb4 Bg1 43. Rh7+ Kd8 44.
Kd5 Rd6+ 45. Ke4 Ke8 46. Rxc7 d3 47. Nxd3 Rd4+ 48. Kf5 Rxd3 49. Kg6 Rxh3 50. b5 Kd8 51. Rf7 Kc8 52. Rh7 Rh4 53. Kf5 Be3 54. Rg7 Rh3 55. Rg6 Bf4 56. Rg7 Rb3 57. Kg6 Rxb5 58. Kxh6 Rb6+ 59. Kh5 Rb7 60. Rg8+ Kc7 61. Re8 Kd6 62. Re2 Kd5 63. Kg6 Kd4 64. Re8 Rd7 65. Rc8 Rd5 66. Re8 Re5 67. Rd8+ Ke4 68. Kh5 Re7 69. Rf8 Rh7+ 70.
Kg6 Rh4 71. Re8+ Kf3 72. Ra8 Kxg4 73. Ra3 Rh1 74. Kf6 Rc1 75. Rb3 Rc6+ 76. Kf7 Kf5 77. Rb5+ Be5 78. Rb4 g4 0-1

[Event "*** Titled Tuesday 3|2 Blitz"]
[Site "Chess.com"]
[Date "2016.08.02"]
[Round "8"]
[White "Alliswell998"]
[Black "petrpalachev"]
[Result "1/2-1/2"]
[WhiteElo "2216"]
[BlackElo "2416"]
[TimeControl "180+2"]
[EndTime "12:51:53 PDT"]
[Termination "Game drawn - insufficient material"]

1. e4 e6 2. d4 d5 3. Nc3 Nf6 4. Bg5 dxe4 5. Nxe4 Be7 6. Bxf6 Bxf6 7. Nf3 Nd7 8. Bd3 c5 9. Nd6+ Ke7 10. Ne4 cxd4 11.
O-O Ne5 12. Nxf6 Nxf3+ 13. Qxf3 gxf6 14. Rfe1 Qb6 15. Rad1 Bd7 16. Be4 Bc6 17. Bxc6 bxc6 18.
b3 Rad8 19. Re4 Rd5 20. Rde1 h5 21. Qe2 c5 22. Qc4 Rd6 23. a4 a5 24. h3 Qb4 25.
Qe2 Qc3 26. f4 f5 27. Re5 Kd7 28. Qb5+ Rc6 29. Qb7+ Rc7 30. Qb5+ Kc8 31. Qa6+ Kb8 32. Qb6+ Rb7 33. Qd6+ Ka7 34. Qxc5+ Qxc5 35. Rxc5 Kb6 36. Ree5 Ra7 37. Rb5+ Kc6 38. Rxa5 Rxa5 39. Rxa5 Rc8 40. Re5 Kb6 41. Re2 d3 42. cxd3 Rc3 43. b4 Rxd3 44. Rb2 Ra3 45. a5+ Kb5 46. Kf2 h4 47. Ke2 Kc4 48.
Kd2 f6 49. Kc2 e5 50. fxe5 fxe5 51. b5 Rxa5 52. b6 Ra8 53. b7 Rb8 54. Kd2 Kc5 55. Ke3 Kc6 56. Rf2 Kxb7 57. Rxf5 Rg8 58. Rf2 Kc6 59.
Ke4 Kd6 60. Rf6+ Ke7 61. Kxe5 Rg5+ 62. Rf5 Rxg2 63. Rf4 Rg5+ 64. Ke4 Rh5 65. Kf3 Rh8 66. Kg4 Ke6 67. Kg5 Rh7 68. Kg6 Rh8 69. Rf3 Rg8+ 70. Kh5 Rg3 71. Rf4 Rxh3 72. Rxh4 Rxh4+ 73. Kxh4 1/2-1/2

[Event "*** Titled Tuesday 3|2 Blitz"]
[Site "Chess.com"]
[Date "2016.08.02"]
[Round "8"]
[White "Evgeny_Levin"]
[Black "Alexander_Moskalenko"]
[Result "0-1"]
[WhiteElo "2651"]
[BlackElo "2646"]
[TimeControl "180+2"]
[EndTime "12:52:28 PDT"]
[Termination "Alexander_Moskalenko won on time"]

1. d4 Nf6 2. Nf3 e6 3. c4 d5 4. Nc3 Bb4 5. e3 O-O 6. Bd3 c5 7. O-O Bxc3 8. bxc3 Nc6 9. h3 dxc4 10. Bxc4 b6 11. Re1 Bb7 12. e4 cxd4 13. cxd4 Rc8 14. Ba3 Re8 15. Qd3 Na5 16. Bb5 Bc6 17. Ba6 Bb7 18.
Bb5 Bc6 19. Ba6 Rc7 20. Ne5 Bb7 21. Bb5 Nc6 22. Red1 Qa8 23. Nxc6 Bxc6 24. Bxc6 Qxc6 25. Rac1 Qb7 26. Rxc7 Qxc7 27. d5 exd5 28. exd5 Qd7 29. d6 h6 30. Qc4 Rc8 31. Qd4 Rc2 32. Rd2 Rxd2 33. Qxd2 Qe6 34. Bb4 Nd5 35. Ba3 f6 36. Bb2 Qxd6 37. Qc2 Qe6 38. Qd2 Kf7 39. Bd4 Ne7 40.
Be3 Qd5 41. Qc2 h5 42. f3 h4 43. Bf2 g5 44. Qh7+ Ke6 45. Qc2 Kd7 46. Qa4+ Nc6 47. Qc2 Kc7 48. Qh7+ Qd7 49. Qc2 Kb7 50. f4 Qe7 51. fxg5 fxg5 52. Qf5 Ka6 53. Qd3+ Kb7 54.
Qf3 Qe6 55. a3 b5 56. Be3 Qe5 57. Qf7+ Ka6 58. Qf3 Ne7 59. Kf2 Nd5 60. Bd2 Qd4+ 61. Ke2 Qc4+ 62. Ke1 Nf4 63. Bxf4 Qxf4 64. Qc6+ Ka5 65.
Qc3+ Ka4 66. Kd1 Qf1+ 67. Kd2 Qxg2+ 68. Kc1 Qf1+ 69. Kb2 Qe2+ 70. Ka1 Qc4 71. Qb2 a6 72. Qd2 g4 73. hxg4 h3 74. Qd1+ Qb3 75. Qd4+ Kxa3 76.
Qd6+ Qb4 77. Qxa6+ Kb3 78. Qe6+ Qc4 0-1

[Event "*** Titled Tuesday 3|2 Blitz"]
[Site "Chess.com"]
[Date "2016.08.02"]
[Round "8"]
[White "fpawn"]
[Black "AdrianaNikolova"]
[Result "1/2-1/2"]
[WhiteElo "2210"]
[BlackElo "2246"]
[TimeControl "180+2"]
[EndTime "12:52:40 PDT"]
[Termination "Game drawn by repetition"]

1. e4 c5 2. Nc3 Nc6 3. g3 g6 4.
Bg2 Bg7 5. d3 Rb8 6. Be3 b5 7.
Qd2 b4 8. Nd1 d6 9. f4 Bb7 10. Nf3 e6 11. O-O Nge7 12. e5 Nf5 13. Bf2 Ncd4 14. Nxd4 Nxd4 15. c3 bxc3 16. bxc3 Bxg2 17.
cxd4 Bxf1 18. Kxf1 cxd4 19. exd6 Qxd6 20. Nb2 Qd5 21. Nc4 Qh1+ 22. Bg1 Qf3+ 23. Ke1 O-O 24.
Qe2 Qd5 25. Rd1 Rfe8 26. Kf1 e5 27. fxe5 Bxe5 28. Qg2 Qe6 29. Re1 Qf5+ 30. Qf2 Qxd3+ 31. Qe2 Qxe2+ 32. Rxe2 Rb1+ 33. Kg2 d3 34. Rd2 Bc3 35. Rxd3 Re2+ 36. Kf3 Rc2 37. Bxa7 Rf1+ 38. Kg4 Bf6 39. Ne3 Rxa2 40. Nxf1 Rxa7 41. h4 h5+ 42. Kh3 Ra1 43. Ne3 Kg7 44. Nd5 Be5 45. Re3 Bd6 46. Rd3 Ra3 47.
Rxa3 Bxa3 48. Kg2 Bb2 49. Kf3 Bd4 50. Kf4 Bc5 51. Kf3 Bd6 52. Kf2 Be5 53. Kf3 Kf8 54. Kf2 Ke8 55. Kf3 Kd7 56. Ne3 f5 57. Nd5 Ke6 58. Ne3 Bd4 59. Ng2 Be5 60. Ne3 Bd6 61. Nc4 Bc7 62. Ne3 Bb6 63. Nc4 Bc5 64. Nd2 Ke5 65. Nc4+ Kd5 66. Nd2 Bd4 67. Nb3 Bc3 68.
Nc1 Kc4 69. Ne2 Bd2 70. Ng1 Kd4 71. Ne2+ Ke5 72. Ng1 f4 73. g4 hxg4+ 74. Kxg4 Ke4 75. Nf3 Bb4 76. Ng5+ Ke3 77. Nf3 Be7 78. Ne5 Bf6 79.
Nf3 Ke4 80. Nd2+ Kd3 81. Nf3 Ke3 82. Nh2 Be7 83. Nf3 Bf6 84. Ng1 Ke4 85. Nf3 Ke3 86.
Nh2 Ke4 87. Nf3 Be7 88. Nh2 Ke3 89. Nf3 Bf6 1/2-1/2

[Event "*** Titled Tuesday 3|2 Blitz"]
[Site "Chess.com"]
[Date "2016.08.02"]
[Round "8"]
[White "TyIerDurden"]
[Black "DanielNaroditsky"]
[Result "1/2-1/2"]
[WhiteElo "2504"]
[BlackElo "2668"]
[TimeControl "180+2"]
[EndTime "12:54:38 PDT"]
[Termination "Game drawn by agreement"]

1. Nf3 d5 2. g3 g6 3. Bg2 Bg7 4. O-O e5 5. d3 Nc6 6. Nbd2 Nf6 7. e4 dxe4 8. Nxe4 Nxe4 9. dxe4 Qe7 10. c3 a5 11. Be3 Be6 12. Qc2 O-O 13. b3 h6 14.
Rad1 Rfd8 15. Rxd8+ Rxd8 16. Rd1 Rxd1+ 17. Qxd1 Qa3 18.
Qc2 a4 19. bxa4 Bxa2 20. Nd2 Be6 21. Nb1 Qb3 22. Qxb3 Bxb3 23. Bf1 Bxa4 24. Nd2 Na5 25. Nc4 Nxc4 26. Bxc4 Bf8 27. f4 Bd6 28. Kf2 Bc2 29. Kf3 c6 30. Bb6 Kf8 31. Bf1 Ke7 32. Bh3 f5 33. exf5 gxf5 34. Ke3 Ke6 35. fxe5 Bxe5 36.
Bd4 Kd5 37. Bg2+ Ke6 38. Bh3 Be4 39. Bf1 Kd5 40. Bc4+ Kd6 41. Bf1 b5 42. Bxe5+ Kxe5 43. Be2 Bd5 44. h3 Be6 45. Bd3 Bd7 46. Bf1 c5 47. h4 Bc6 48. Be2 b4 49. cxb4 cxb4 50. Bc4 Bd5 51. Be2 Be4 52. Bc4 Bc2 53. Kd2 Kd4 54.
Be6 Be4 55. h5 Bd3 56. Ba2 Bc4 57. Bb1 Be6 58. Bc2 b3 59. Bd3 Ke5 60. Kc3 f4 61.
gxf4+ Kxf4 62. Bg6 Kg5 63. Be8 Bg4 64. Kxb3 Bxh5 65.
Bc6 Kf4 66. Kc3 Ke3 67. Ba4 Bg6 68. Bd1 Be4 69. Bh5 Bf3 70. Be8 Bg4 71. Kc4 Bf5 72. Kd5 Kf4 73. Kd4 Be4 74. Kc3 Ke3 75. Bh5 Bf3 76.
Be8 Bg4 77. Kc4 Be6+ 78. Kc3 Bd5 79. Bh5 Be4 80. Be8 Bf3 81. Bg6 Be2 82. Be8 Bd3 83. Bf7 Bb5 84. Kb4 Bd7 85. Kc3 Bf5 86. Be8 Bg4 87. Kc4 Ke4 88. Bg6+ Kf4 89. Kd3 Bf3 90. Be8 Bg4 91. Bg6 Kf3 92. Kd4 Kf4 93. Kd3 Bf3 94.
Be8 Be4+ 95. Kc3 Ke3 96. Bh5 Bf5 97. Bf7 Bg4 98. Bg6 Be6 99. Bh5 Bf5 100. Bf7 Bh7 101.
Bh5 Bg8 102. Bg6 Be6 1/2-1/2

[Event "*** Titled Tuesday 3|2 Blitz"]
[Site "Chess.com"]
[Date "2016.08.02"]
[Round "9"]
[White "GremioPrudente"]
[Black "macko06"]
[Result "1/2-1/2"]
[WhiteElo "2091"]
[BlackElo "2110"]
[TimeControl "180+2"]
[EndTime "12:56:55 PDT"]
[Termination "Game drawn by agreement"]

1. Nf3 Nf6 2. c4 e6 3. d4 d5 4. Nc3 Be7 5. Bg5 O-O 6. e3 Nbd7 7. Rc1 c6 8. Bd3 h6 9. Bh4 b6 10. O-O Bb7 11. cxd5 cxd5 12. Qe2 Ne4 13. Bxe7 Qxe7 14.
Bxe4 dxe4 15. Nd2 1/2-1/2

[Event "*** Titled Tuesday 3|2 Blitz"]
[Site "Chess.com"]
[Date "2016.08.02"]
[Round "9"]
[White "CroatianPower"]
[Black "Pudor"]
[Result "0-1"]
[WhiteElo "2405"]
[BlackElo "2310"]
[TimeControl "180+2"]
[EndTime "12:58:10 PDT"]
[Termination "Pudor won by resignation"]

1. d4 Nf6 2. c4 d6 3. Nc3 Nbd7 4. e4 e5 5. Nf3 g6 6. Be2 Bg7 7. O-O O-O 8. d5 Nc5 9. Nd2 a5 10. b3 Ne8 11. a3 f5 12. f3 f4 13. Bb2 g5 14. b4 axb4 15. axb4 Rxa1 16. Qxa1 Na6 17.
Qa3 h5 18. Nb3 g4 19. b5 Qh4 20. fxg4 hxg4 0-1

[Event "*** Titled Tuesday 3|2 Blitz"]
[Site "Chess.com"]
[Date "2016.08.02"]
[Round "9"]
[White "chipmunknau"]
[Black "pedromartinez91"]
[Result "1-0"]
[WhiteElo "2428"]
[BlackElo "2281"]
[TimeControl "180+2"]
[EndTime "12:58:11 PDT"]
[Termination "chipmunknau won by resignation"]

1. Nf3 d5 2. g3 e6 3. Bg2 Nf6 4. O-O Be7 5. d3 O-O 6. Nc3 d4 7. Nb1 c5 8. c3 Nc6 9. Bg5 h6 10.
Bxf6 Bxf6 11. Qc2 e5 12. Nbd2 Bf5 13. Qb3 b6 14. a4 Rb8 15. Ne1 Be7 16. Bxc6 Be6 17.
Qc2 f5 18. Bg2 g5 19. e3 Rc8 20.
Nef3 c4 21. Nxe5 dxe3 22. Ndxc4 exf2+ 1-0

[Event "*** Titled Tuesday 3|2 Blitz"]
[Site "Chess.com"]
[Date "2016.08.02"]
[Round "9"]
[White "Alliswell998"]
[Black "Krutoy123"]
[Result "0-1"]
[WhiteElo "2211"]
[BlackElo "2388"]
[TimeControl "180+2"]
[EndTime "12:59:32 PDT"]
[Termination "Krutoy123 won by resignation"]

1. e4 c5 2. Nf3 e6 3. d4 cxd4 4. Nxd4 a6 5. Nc3 b5 6. Bd3 Bb7 7. Qe2 Qb6 8. Nb3 Qc7 9. Be3 d6 10.
O-O-O Nd7 11. f4 Ngf6 12. a3 Be7 13. g4 Nc5 14. Bd4 Nxb3+ 15. cxb3 e5 16. Bf2 exf4 17.
Kb1 Nd7 18. Nd5 Bxd5 19. exd5 Ne5 20. Rc1 Qd8 21. Bd4 Nxd3 22. Qxd3 O-O 23. Qf5 g6 24. Qxf4 Bg5 25. Qg3 Bxc1 26. Rxc1 Qg5 27. Qxd6 Rfd8 28. Qg3 Qxd5 29. Bc3 Qd3+ 30. Qxd3 Rxd3 31. Kc2 Rh3 32. Be5 Rc8+ 33. Kb1 Rxc1+ 34. Kxc1 Rxb3 35. Bc3 Rxc3+ 36. bxc3 Kg7 37. Kc2 Kf6 38. Kb2 Ke5 39. Kb3 f5 40.
gxf5 gxf5 41. Kb4 f4 0-1

[Event "*** Titled Tuesday 3|2 Blitz"]
[Site "Chess.com"]
[Date "2016.08.02"]
[Round "9"]
[White "Sven_Tica"]
[Black "SabinoBrunello"]
[Result "0-1"]
[WhiteElo "2422"]
[BlackElo "2556"]
[TimeControl "180+2"]
[EndTime "13:00:09 PDT"]
[Termination "SabinoBrunello won by resignation"]

1. d4 g6 2. c4 Bg7 3. Nf3 c5 4. e3 d6 5. Nc3 Nd7 6. g3 Ngf6 7. Bg2 O-O 8. O-O a6 9. b3 Rb8 10. Bb2 b5 11. cxb5 axb5 12. dxc5 Nxc5 13. Nd4 Bd7 14.
Qe2 b4 15. Nd5 Nxd5 16. Bxd5 e6 17. Nc6 Bxc6 18. Bxc6 Bxb2 19. Qxb2 d5 20. Qd4 Qd6 21. Rac1 Ne4 22. Ba4 Nc3 23. Rxc3 bxc3 24. Qxc3 Rfc8 25. Qd2 Qb4 26. Qe2 Rc5 27. Rd1 Rbc8 28. Rd2 Rc1+ 29. Kg2 R8c2 30. Rxc2 Qe4+ 31. Kh3 Rxc2 32. Qe1 Rxa2 0-1

[Event "*** Titled Tuesday 3|2 Blitz"]
[Site "Chess.com"]
[Date "2016.08.02"]
[Round "9"]
[White "Schemato"]
[Black "AdamHunt1"]
[Result "0-1"]
[WhiteElo "2234"]
[BlackElo "2390"]
[TimeControl "180+2"]
[EndTime "13:00:23 PDT"]
[Termination "AdamHunt1 won on time"]

1. c4 e6 2. Nc3 f5 3. g3 Nf6 4. Bg2 Bb4 5. d3 O-O 6. e4 fxe4 7. dxe4 Bxc3+ 8. bxc3 e5 9. Ne2 d6 10. O-O c5 11. Qd3 Qe7 12. Rd1 Rd8 13. Bg5 Be6 14. f4 Nc6 15. Rf1 Rf8 16. Rad1 Rad8 17. Rf2 Na5 18.
Qf3 Nxc4 19. Nc1 Qf7 20. Nd3 Bg4 0-1

[Event "*** Titled Tuesday 3|2 Blitz"]
[Site "Chess.com"]
[Date "2016.08.02"]
[Round "9"]
[White "wonderfultime"]
[Black "Newlight1"]
[Result "1-0"]
[WhiteElo "2613"]
[BlackElo "2410"]
[TimeControl "180+2"]
[EndTime "13:00:33 PDT"]
[Termination "wonderfultime won by resignation"]

1. d4 Nf6 2. c4 c5 3. d5 e6 4. Nc3 exd5 5. cxd5 d6 6. Nf3 g6 7.
Bf4 Bg7 8. Qa4+ Bd7 9. Qb3 Qc7 10.
Nd2 O-O 11. e4 Re8 12. Be2 a6 13. a4 Bc8 14. O-O Nbd7 15. Rfe1 Ne5 16. a5 Rb8 17. Na4 Nh5 18. Bxh5 gxh5 19. Nb6 Bd7 20. Ndc4 Bb5 21. Nxe5 Bxe5 22. Qg3+ Kh8 23. Bxe5+ Rxe5 24. f4 Ree8 25. Qc3+ Kg8 26. Re3 h4 27. e5 f6 28. Rae1 fxe5 29.
fxe5 Qg7 30. e6 Qxc3 31. bxc3 Rf8 32. e7 Rfe8 33. c4 1-0

[Event "*** Titled Tuesday 3|2 Blitz"]
[Site "Chess.com"]
[Date "2016.08.02"]
[Round "9"]
[White "brauliocuarta"]
[Black "josiwales"]
[Result "0-1"]
[WhiteElo "2047"]
[BlackElo "2188"]
[TimeControl "180+2"]
[EndTime "13:01:13 PDT"]
[Termination "josiwales won on time"]

1. d4 f5 2. Bg5 g6 3. Nc3 Bg7 4.
e3 h6 5. Bf4 Nf6 6. Be5 O-O 7.
Bxf6 Bxf6 8. Bc4+ Kh7 9. Qf3 c6 10. h4 d5 11. Bd3 e5 12. dxe5 Bxe5 13. h5 g5 14. g4 Bxc3+ 15. bxc3 Qf6 16. Kd2 Kg7 17.
gxf5 Bxf5 18. Bxf5 Qxf5 19. Qxf5 Rxf5 20. Ke2 Nd7 21. Rb1 Nc5 22. Nf3 Re8 23. Nd4 Rf6 24. Rhg1 Re7 25. Rbf1 Ref7 26. f4 Ne4 27. f5 Nxc3+ 28.
Kd3 Ne4 29. Ne6+ Kg8 30. Nd4 c5 31. Ne6 Rxf5 32. Rxf5 Rxf5 33. Nf4 Kf7 34. Ng6 Rf2 35. Ne5+ Ke6 0-1